 Dungeon Crawl Stone Soup version 0.29.1-12-g30fa7ad0bf (webtiles) character file.

Game seed: 10839181125302020732

19 ChrisAssaf the Stinger (level 2, -4/19 HPs)
             Began as a Human Venom Mage on Dec 23, 2022.
             Slain by a gnoll
             ... wielding a +0 spear
              (7 damage)
             ... on level 2 of the Dungeon.
             The game lasted 00:03:22 (489 turns).

ChrisAssaf the Stinger (Human Venom Mage)            Turns: 489, Time: 00:03:23

Health: -4/19      AC:  2    Str:  8    XL:     2   Next: 95%
Magic:  0/5        EV: 12    Int: 15    God:
Gold:   11         SH:  0    Dex: 13    Spells: 2/5 levels left

rFire   . . .      SeeInvis .   (no weapon)
rCold   . . .      Faith    .   (no shield)
rNeg    . . .      Spirit   .   a - +0 robe
rPois   .          Reflect  .   (no helmet)
rElec   .          Harm     .   (no cloak)
rCorr   .          Rampage  .   (no gloves)
Will    .....                   (no boots)
Stlth   ++........              (no amulet)
HPRegen 0.06/turn               (no ring)
MPRegen 0.09/turn               (no ring)

@: no status effects
A: no striking features
a: no special abilities


You were on level 2 of the Dungeon.
You visited 1 branch of the dungeon, and saw 2 of its levels.

You collected 11 gold pieces.

Inventory:

Missiles
 c - 4 poisoned darts
Armour
 a - a +0 robe (worn)
Scrolls
 e - 2 scrolls of identify {unknown}


   Skills:
 * Level 0.4 Throwing
 * Level 2.0 Dodging
 * Level 2.0 Stealth
 * Level 2.1 Spellcasting
 * Level 1.1 Transmutations
 * Level 3.5 Poison Magic


You had 2 spell levels left.
You knew the following spells:

 Your Spells              Type           Power      Damage    Failure   Level
a - Sting                 Tmut/Pois      32%        1d4       9%          1
b - Poisonous Vapours     Pois/Air       12%        N/A       16%         2

Your spell library contained the following spells:

 Spells                   Type           Power      Damage    Failure   Level
 Mephitic Cloud           Conj/Pois/Air  5%         N/A       38%         3
 Olgreb's Toxic Radiance  Pois           12%        N/A       45%         4


Dungeon Overview and Level Annotations

Branches:
Dungeon (2/15)

Altars:


Message History

The gnoll shouts!
The ball python closely misses you. The ball python completely misses you.
The ball python attacks as you move away!
The ball python closely misses you. The ball python barely misses you.
The ball python closely misses you. The ball python grabs you.
The ball python constricts you.
You escape the ball python's grasp.
The ball python attacks as you move away!
The ball python closely misses you. The ball python completely misses you.
Found a ruby ring.
Casting: Sting (safe; 9% risk of failure)
Confirm with . or Enter, or press ? or * to list all spells.
Aiming: Sting (safe; 9% risk of failure)
Press: ? - help, Shift-Dir - straight line, f/p - ball python
Aim: a ball python (heavily wounded, 64% to hit)
The sting hits the ball python.
The ball python is poisoned.
The ball python is severely wounded.
The ball python bites you. The ball python barely misses you.
The ball python attacks as you move away!
The ball python bites you. x2; The ball python barely misses you.
You kill the ball python!
You start resting.
A gnoll is nearby!
Casting: Sting (safe; 9% risk of failure)
Confirm with . or Enter, or press ? or * to list all spells.
Aiming: Sting (safe; 9% risk of failure)
Press: ? - help, Shift-Dir - straight line, f - gnoll
Aim: a gnoll, wielding a +0 spear (72% to hit)
The sting misses the gnoll.
Casting: Sting (safe; 9% risk of failure)
Confirm with . or Enter, or press ? or * to list all spells.
Aiming: Sting (safe; 9% risk of failure)
Press: ? - help, Shift-Dir - straight line, f/p - gnoll
Aim: a gnoll, wielding a +0 spear (72% to hit)
The sting hits the gnoll but does no damage.
The gnoll is poisoned.
The gnoll hits you from afar with a +0 spear.
* * * LOW HITPOINT WARNING * * *
The gnoll hits you from afar with a +0 spear!
You die...

#... ###..##### ..
#........#
#.###....###.#
#.....#...##.#
...##.....#.#
#|.#........#
#.#####.#..g...######
.......$#@#...........
#=........##.#########
.#####.#)#### #.#.#
#.#####.#.#
........#.#
..#####.#.# #g#.#
##.#.#


You could see a gnoll (poisoned).

Vanquished Creatures
  A gnoll (D:2)
  3 bats
  An endoplasm (D:1)
  A giant cockroach (D:1)
  3 ball pythons
  A frilled lizard (D:1)
10 creatures vanquished.

Notes
Turn   | Place    | Note
-------+----------+-------------------------------------------
     0 | D:1      | ChrisAssaf the Human Venom Mage began the quest for the
                  | Orb.
     0 | D:1      | Reached XP level 1. HP: 13/13 MP: 3/3
   189 | D:1      | Reached XP level 2. HP: 19/19 MP: 5/5
   192 | D:1      | Learned a level 2 spell: Poisonous Vapours
   489 | D:2      | Slain by a gnoll

Illustrated notes

Levels and vault maps discovered:
D:1:      dpeg_arrival_pits, layout_loops_ring,
          shapermc_ecumenical_altar_starsandcircs, nrook_loot_triangle
D:2:      layout_loops_ring, minmay_quantized

Action                   || total
-------------------------++-------
Throw: Dart              ||     9
 Cast: Sting             ||    14
       Poisonous Vapours ||     1
  Use: Potion            ||     2
       Scroll            ||     1
Armor: Robe              ||     7
Dodge: Dodged            ||    29
